Introsp3ctive, lawful female dwarven Valkyrie ---------- |......... .........| |....'u... |....d@..| ---------- Introsp3ctive the Skirmisher Experience level: 4 Strength: 12 Dexterity: 18 Constitution: 17 Intelligence: 9 Wisdom: 8 Charisma: 8 Health: 0(43) Energy: 8(8) Def: 10 Gold: 605 Moves: 2209 Dungeon seed: yeyAStb7i-1ejvko Game ID: Introsp3ctive_1467045487 Your Inventory: Coins $ - 605 gold pieces Weapons a - an uncursed +1 long sword (weapon in hand) b - an uncursed +0 dagger (alternate weapon; not wielded) u - an uncursed +0 bow Armor e - an uncursed +3 small shield (being worn) n - an uncursed +0 banded mail (being worn) Comestibles w - an uncursed food ration x - an uncursed partly eaten food ration Scrolls d - 2 uncursed scrolls of identify f - an uncursed scroll of remove curse g - an uncursed scroll of amnesia k - an uncursed scroll of enchant weapon l - an uncursed scroll of confuse monster t - an uncursed scroll of taming v - a cursed scroll of identify Spellbooks m - an uncursed spellbook of extra healing q - an uncursed spellbook of restore ability s - an uncursed spellbook of create monster Potions p - a cursed potion of booze Rings o - an uncursed ring of cold resistance Wands h - an uncursed wand of teleportation (0:5) Spells and supernatural/magical abilities: Name Level Category Fail Memory W - pray for help -- divine ? -- Your skills at the end: Fighting Skills Weapon Skills dagger [Basic] long sword [Basic] Spellcasting Skills Final Attributes: You were piously aligned. You were cold resistant. You had infravision. You were stealthy. You were held by a rope golem. You are dead. Vanquished creatures: a shrieker a gray ooze 2 straw golems a kitten a homunculus a rothe an orc zombie 2 iguanas 4 giant rats a cave spider a green mold a red mold a gnome zombie 5 jackals 2 kobolds a goblin 2 grid bugs 2 lichens a newt 31 creatures vanquished. Voluntary challenges: You were an atheist. You used a wielded weapon 37 times, starting on turn 4. You were illiterate. You never genocided any monsters. You never polymorphed an object. You never changed form. You used no wishes. You never split a pudding. You never wrote Elbereth's name. You never violated your personal moral code. Dungeon overview: The Dungeons of Doom: levels 1 to 8 Level 1 a long staircase Level 2 stairs to The Gnomish Mines Level 3 a fountain Level 4 Level 5 a fountain Level 6 Level 7 Level 8 <- You were here The Gnomish Mines: Level 3 stairs to The Dungeons of Doom History has recorded: On T:1 you entered the Dungeons of Doom to retrieve the Amulet of Yendor! On T:221 you reached level 2 of The Dungeons of Doom. On T:432 you reached level 1 of The Gnomish Mines. On T:539 you reached level 3 of The Dungeons of Doom. On T:800 you advanced to experience level 2. On T:961 you reached level 4 of The Dungeons of Doom. On T:1140 you advanced to experience level 3. On T:1295 you reached level 5 of The Dungeons of Doom. On T:1605 you reached level 6 of The Dungeons of Doom. On T:1766 you advanced to experience level 4. On T:1926 you reached level 7 of The Dungeons of Doom. On T:2176 you reached level 8 of The Dungeons of Doom. Score breakdown: Gold: 605 ( 9465 points) Experience: 4 levels ( 9649 points) Exploration: 8 levels ( 15.69%) (11224 points) Discoveries: 1 item ( 0.41%) ( 1912 points) Valuables value: (no points given unless you survive) Artifact value: 0 ( 0 points) Variety of kills: 19 monsters ( 4.99%) ( 6699 points) Turncount: 2209 turns ( -147 points) Survival: died (score multiplied by 80%) Total score: 31041 Latest messages: Testificate hits the rothe. The rothe is killed! Rowdy misses the cave spider. You hit the rope golem! The rope golem hits! (2x) The rope golem grabs you! The cave spider misses Testificate. Testificate misses the cave spider. (2x) Rowdy bites the cave spider. The cave spider is killed! You miss the rope golem. The rope golem misses. (2x) You are being choked. You cannot escape from the rope golem! Rowdy eats a rothe corpse. You cannot escape from the rope golem! The rope golem hits! (2x) You are being choked. You cannot escape from the rope golem! The rope golem hits! (2x) You are being choked. You die... Final status: Farvel Introsp3ctive the Valkyrie, killed by a rope golem... You died in The Dungeons of Doom on dungeon level 8 with 31041 points, and 605 pieces of gold, after 2209 moves. You were level 4 with a maximum of 43 hit points when you died.